 BcadrenCrawl: Boulder Brew version 0.06-240-gf756cca71e (webtiles) character file.

Game seed: 11091329272680948203, levelgen mode: deterministic

3162 gruber the Lasher (level 9, -1/79 HPs) Minotaur Berserker. Began on Aug 14, 2022. Was a High Priest of Trog. Killed by divine providence ... invoked by an orc priest (13 damage) ... on level 4 of the Dungeon. The game lasted 00:11:06 (4422 turns).

gruber the Lasher (Minotaur Berserker)              Turns: 4422, Time: 00:11:07

Health: -1/79      AC: 13    Str: 22    XL:     9 ^: 1010
Magic:  8/8        EV: 17    Int:  4    God:    Trog [5* [126]]
Gold:   133        SH:  0    Dex: 13    Spells: 8/8 levels left

rFire    . . .     Slash    .   m - +2 flail (crush)
rCold    . . .     Pierce   .   (no weapon)
rNeg     . . .     Bludgeon .   o - +0 ring mail
rCorr    . . .     Vision   .   (helmet restricted)
rPois    .         Gourm    +   (no cloak)
rElec    .         Faith    .   i - +0 pair of gloves
MR       .....     Spirit   .   (no boots)
HPRegen  0.36/turn Reflect  .   t - amulet of the gourmand
MPRegen  0.18/turn Harm     .   h - ring of protection Stlth +.........Rnd*Rage +
                                f - ring of evasion

@: lethally poisoned (-1 -> -2), berserk cooldown
A: horns, retaliatory headbutt 2, soft flesh
a: Berserk, Trog's Hand, Brothers in Arms, Renounce Religion


You were on level 4 of the Dungeon.
You worshipped Trog.
Trog was extremely pleased with you.
You were very full.

You visited 1 branch of the dungeon, and saw 4 of its levels.

You collected 133 gold pieces.

Inventory:

Weapons
 m - a +2 flail of crushing (weapon)
 v - a +0 whip of electrocution
Armour
 i - a +0 pair of gloves (worn)
 n - a +0 chain mail
 o - a +0 ring mail (worn)
Jewellery
 d - an uncursed ring of positive energy
 f - a ring of evasion (right hand)
 h - a ring of protection (left hand)
 t - an amulet of the gourmand (around neck)
 u - an uncursed amulet of guardian spirit
Wands
 r - a wand of polymorph (4)
 s - a wand of random effects (21)
Scrolls
 a - a scroll of fear
 k - 4 scrolls of blinking
 l - a scroll of bless item
 q - a scroll of summoning
Potions
 b - a potion of haste
 e - 2 potions of magic
 j - a potion of berserk rage
 p - 2 potions of cancellation
Comestibles
 c - 7 rations


   Skills:
 - Level 7.1 Fighting
 * Level 13.0 Whips & Flails
 - Level 8.0 Armour
 - Level 2.1 Dodging


You had 8 spell levels left.
You didn't know any spells.
Your spell library was empty.

Dungeon Overview and Level Annotations

Branches:
Dungeon (4/8)
 Temple: D:4

Altars:
Fedhas Madash
Kikubaaqudgha
Makhleb
Okawaru
Sif Muna
Trog
Yredelemnul

Shops:
D:3 :


Innate Abilities, Weirdness & Mutations

You reflexively attack those that strike you in melee with your horns.
((Your soft flesh is weak to deep cuts.
Heavy manmade armour will nullify this weakness. (rSlashing-)))
You frequently lose your temper in combat.
This godly rage surpasses even clarity. (*Rage)


Message History

The orc priest suddenly seems more agile.
There is an open door here.
The orc wizard casts a spell at you. The sting hits you but does no damage.
You are poisoned.
There is an open door here.
You feel sick. (1)
You feel sick. (1)
You hit the orc (5).
You kill the orc!
Trog accepts your kill.
You feel yourself speed up. The orc wizard casts a spell at you.
The sting hits you but does no damage.
You are more poisoned.
Unknown command.
You feel sick. (1)
The orc priest calls down the wrath of Beogh upon you.
Beogh smites you!
You die...

#......># ....# #....... ...#
........ ...#
........##############'###.......
#.....##....#...........#..$....
#.....#......o#......)..+.......
+.....'.......'.........#.......
#.....#.......#o......).#.......
#.....#....o..#@}...[.†.#.......
#.....#...o...#.....†..)#.......
#.....#.......#.........+.......
#...[†#.......#.........#)......
#....†#.......#.........#.......
##.....##....###.........#..?....
........######......######.......
........# ......# .......
......†.# ...... .......


You could see an orc priest and an orc wizard.

Vanquished Creatures
  Pikel (D:2)
  4 slime creatures
  An orc warrior (D:4)
  A porcupine (D:3)
  A necrophage (D:4)
  A sky beast (D:4)
  2 crocodiles (D:2)
  2 big kobolds
  Blork the orc (D:2)
  A howler monkey (D:4)
  Prince Ribbit (D:2)
  An orc priest (D:4)
  5 jellies
  4 orc wizards
  2 worker ants (D:3)
  An iguana (D:3)
  A wyvern skeleton (D:4)
  18 giant cockroaches
  7 adders
  2 gnolls (D:3)
  27 sewer rats
  A worm (D:2)
  7 cinder newts
  3 bullfrogs
  19 oozes
  3 dart slugs (D:1)
  3 leopard geckos
  10 orcs
  3 ball pythons
  8 goblins (D:1)
  2 hobgoblins (D:1)
  3 jackals (D:3)
  A quokka (D:3)
  4 bats (D:1)
  A bat skeleton (D:2)
  15 kobolds
  A kobold skeleton (D:2)
  4 rats (D:1)
  5 withered plants (D:2)
177 creatures vanquished.

Vanquished Creatures (others)
  A hound (D:3)
  2 gnolls (D:3)
  A sewer rat (D:2)
  An ooze (D:2)
  A fungus (D:3)
  A giant blowfly (D:2)
  3 plants (D:1)
  A slimehead (D:2)
  13 toadstoolion (D:3)
  51 withered plants (D:2)
75 creatures vanquished.

Grand Total: 252 creatures vanquished

Notes
Turn   | Place    | Note
-------+----------+-------------------------------------------
     0 | D:1      | gruber the Minotaur Berserker began the quest for the Orb.
     0 | D:1      | Reached XP level 1. HP: 19/19 MP: 0/0
    53 | D:1      | HP: 1/28 [cinder newt (3)]
    55 | D:1      | Reached skill level 4 in Whips & Flails
    55 | D:1      | Reached XP level 2. HP: 2/26 MP: 1/1
    62 | D:1      | Reached skill level 5 in Whips & Flails
    70 | D:1      | Reached XP level 3. HP: 4/31 MP: 2/2
    79 | D:1      | HP: 1/31 [giant cockroach (1)]
   416 | D:1      | Reached ** piety under Trog
   416 | D:1      | Reached skill level 6 in Whips & Flails
   416 | D:1      | Reached XP level 4. HP: 39/39 MP: 3/3
   662 | D:1      | Received a gift from Trog
   916 | D:2      | Found a bloodstained altar of Trog.
   917 | D:2      | Noticed a big kobold
  1005 | D:2      | Killed a big kobold
  1005 | D:2      | Reached skill level 7 in Whips & Flails
  1005 | D:2      | Reached XP level 5. HP: 35/45 MP: 4/4
  1294 | D:2      | Reached skill level 8 in Whips & Flails
  1493 | D:2      | Noticed Blork the orc
  1505 | D:2      | Killed Blork the orc
  1505 | D:2      | Reached XP level 6. HP: 39/51 MP: 5/5
  1622 | D:2      | Found a shimmering blue altar of Sif Muna.
  1973 | D:2      | Reached skill level 5 in Armour
  1997 | D:2      | Reached XP level 7. HP: 55/57 MP: 6/6
  2011 | D:2      | Reached *** piety under Trog
  2112 | D:1      | Killed a slime creature
  2393 | D:2      | Found a basalt altar of Yredelemnul.
  2646 | D:2      | Received a gift from Trog
  2754 | D:2      | Reached skill level 5 in Fighting
  2754 | D:2      | Reached XP level 8. HP: 36/69 MP: 7/7
  2860 | D:2      | Noticed Prince Ribbit
  2876 | D:2      | Killed Prince Ribbit
  2970 | D:2      | Killed a slime creature
  3198 | D:3      | Noticed Pikel
  3211 | D:2      | Killed Pikel
  3211 | D:2      | Reached skill level 10 in Whips & Flails
  3333 | D:3      | Reached **** piety under Trog
  3333 | D:3      | Reached XP level 9. HP: 71/79 MP: 8/8
  3407 | D:3      | Found a blossoming altar of Fedhas.
  3412 | D:3      | Reached skill level 11 in Whips & Flails
  3460 | D:3      | Found Yczamekere's Book Shop.
  3521 | D:3      | Found a burning altar of Makhleb.
  3560 | D:3      | Found an ancient bone altar of Kikubaaqudgha.
  3630 | D:3      | Found an iron altar of Okawaru.
  3785 | D:3      | Received a gift from Trog
  3799 | D:3      | Killed a large slime creature
  3799 | D:3      | Reached skill level 12 in Whips & Flails
  4332 | D:4      | Reached ***** piety under Trog
  4405 | D:4      | Reached skill level 13 in Whips & Flails
  4422 | D:4      | Killed from afar by an orc priest

Levels and vault maps discovered:
D:1:      saegor_arrival_under_anarchy, layout_loops_ring, first_ration,
          minivault_26
D:2:      layout_sewer, led_sif_pool, kennysheep_little_box, lemuel_round_altar,
          sewer_frog_spiral, basic_altar, uniq_blork_the_orc
D:3:      cheibrodos_fertilizer, layout_loops_ring,
          nicolae_overflow_hidden_temple, old_standard_altar, serial_shops,
          nicolae_shop_statue_plus, basic_altar, uniq_pikel
D:4:      layout_gridville, kennysheep_mini, nicolae_overflow_crystal_walls,
          temple_fountains, hangedman_little_slice_of_home

Skill      XL: |  1  2  3  4  5  6  7  8  9 |
---------------+----------------------------+-----
Whips & Flails | 4 5 6 7 8 10 13 | 13.0
Armour         | 3 5 8 |  8.0
Fighting       | 5 7 |  7.1
Dodging        | |  2.1

Action                   |  1- 3 |  4- 6 |  7- 9 || total
-------------------------+-------+-------+-------++-------
Melee: Whip              |    42 |     5 |       ||    47
       Unarmed           |    26 |    49 |   154 ||   229
       Headbutt          |     5 |    14 |    41 ||    60
       Flail             |       |    80 |   214 ||   294
Invok: Berserk           |     1 |     1 |     4 ||     6
       Trog's Hand       |       |       |     2 ||     2
  Use: Potion            |       |       |     1 ||     1
 Stab: Confused          |       |       |     3 ||     3
  Eat: Chunk             |       |     5 |    26 ||    31
Armor: Animal skin       |    14 |    11 |       ||    25
       Ring mail         |       |    19 |    91 ||   110
Dodge: Dodged            |     8 |    35 |    70 ||   113
